 Dungeon Crawl Stone Soup version 0.31-a0-108-gdf935468f2 (webtiles) character file.

Game seed: 11476232816833431566

585 holysushi the Ducker (level 7, -1/50 HPs)
             Began as a Djinni Necromancer on May 28, 2023.
             Slain by a centaur (6 damage)
             ... on level 5 of the Dungeon.
             The game lasted 00:08:52 (3548 turns).

holysushi the Ducker (Djinni Necromancer)           Turns: 3548, Time: 00:08:53

Health: -1/50      AC:  3    Str: 13    XL:     7   Next: 64%
Gold:   277        EV: 14    Int: 17    God:
                   SH:  0    Dex: 15

rFire   + + .        b - +1 short sword (vamp)
rCold   x . .        l - orb {light}
rNeg    . . .        a - +0 robe
rPois   ∞            (no helmet)
rElec   .            (no cloak)
rCorr   .            d - +0 pair of gloves
SInv    .            (boots unavailable)
Will    .....        (no amulet)
Stlth   +            r - +6 ring of strength
HPRegen 0.28/turn    (no ring)
MPRegen 0.00/turn

%: infuse magic (-2 HP)
@: flying, glowing
A: sickness immunity, fire resistance 2, cold vulnerability 1, float, innate
caster, HP casting, extra vitality 1
a: no special abilities


You were on level 5 of the Dungeon.
You visited 1 branch of the dungeon, and saw 5 of its levels.

You collected 277 gold pieces.

Inventory:

Hand Weapons
 b - a +1 vampiric short sword (weapon)
Armour
 a - a +0 robe (worn)
 d - a +0 pair of gloves (worn)
 l - an orb of light (worn)
Jewellery
 r - a +6 ring of strength (left hand)
Wands
 m - a wand of paralysis (10)
Scrolls
 c - a scroll of teleportation
 f - a scroll of enchant weapon
Potions
 e - 3 potions of curing
 g - 3 potions of cancellation {unknown}
 h - 3 potions of heal wounds {unknown}
 i - 3 potions of enlightenment {unknown}
 j - a potion of haste {unknown}
 k - a potion of attraction {unknown}
 n - a potion of might {unknown}
 p - 3 potions of mutation {unknown}


   Skills:
 - Level 3.0 Fighting
 + Level 5.8 Dodging
 - Level 1.5 Stealth
 + Level 4.9 Spellcasting
 + Level 4.9 Conjurations
 + Level 4.9 Hexes
 + Level 4.9 Summonings
 + Level 4.9 Necromancy
 + Level 4.9 Translocations
 + Level 4.9 Transmutations
 + Level 4.9 Fire Magic
 + Level 4.9 Ice Magic
 + Level 4.9 Air Magic
 + Level 4.9 Earth Magic
 + Level 4.9 Poison Magic


You knew the following spells:

 Your Spells              Type           Power      Damage    Failure   Level
a - Sandblast             Erth           42%        2d11      1%          1
b - Vampiric Draining     Necr           21%        2d7       5%          3
c - Call Imp              Summ           42%        N/A       2%          2
d - Animate Dead          Necr           21%        N/A       19%         4
e - Necrotise             Necr           84%        1d8       1%          1
f - Momentum Strike       Conj/Tloc      42%        3d9       2%          2
g - Agony                 Necr           21%        N/A       45%         5
Your spell library was empty.

Dungeon Overview and Level Annotations

Branches:
Dungeon (5/15) Zot: 26395
 Temple: D:4-7

Altars:

Shops:
D:1 [

Annotations:
D:3 3 runed translucent doors, rapeowns's ghost, amateur DrFE


Innate Abilities, Weirdness & Mutations

You are immune to sickness and miasma.
You are immune to poison.
Your flesh is very heat resistant. (rF++)
You are vulnerable to cold. (rC-)
You float through the air rather than walking.
You learn spells naturally, not from books.
Your magical power is your life essence.
You have superior vitality. (+4 MHP)


Message History

The ice beast hits your orc wizard zombie.
The ice beast freezes your orc wizard zombie.
Your orc wizard zombie resists.
Your cerulean imp hits the ice beast but does no damage.
Your orc wizard zombie hits the ice beast.
The ice beast hits your orc wizard zombie.
The ice beast freezes your orc wizard zombie.
Your orc wizard zombie resists.
Your cerulean imp barely misses the ice beast.
Your orc wizard zombie closely misses the ice beast.
The ice beast hits your orc wizard zombie.
The ice beast freezes your orc wizard zombie.
Your orc wizard zombie resists.
Your cerulean imp hits the ice beast but does no damage.
Your orc wizard zombie hits the ice beast but does no damage.
The ice beast hits your orc wizard zombie.
Your orc wizard zombie is destroyed!
Your cerulean imp hits the ice beast from afar with a -2 spear.
The ice beast dies!
Training target 3.0 for Fighting reached!
Your Fighting skill increases to level 3!
You swap places.
You see here a scorpion corpse.
Found 9 gold pieces.
m - a wand of paralysis (10)
You reach down and open the door.
There is an open door here.
Found a scroll of amnesia.
A centaur comes into view.
Found 7 stones.
The centaur shouts!
Your cerulean imp disappears in a puff of smoke!
The centaur wields a +0 orcbow.
The centaur shoots an arrow.
The arrow hits you!
The centaur shoots an arrow.
The arrow hits you!
* * * LOW HITPOINT WARNING * * *
Blink to where?
Press: ? - help, Dir - move target
As you read the scroll of blinking, it crumbles to dust.
The centaur unwields a +0 orcbow.
The centaur hits you.
You die...

###### #....# #....# #
#############....## .
#.......§§..'.....#..
####(....§########...#..
.....?....+ ##.....
##......## ##†###
#..c@...# #.#
#........... #.###
#.#######... #.#.. ... .
##.#.. ### #..'..
####.#..
###########....#..
#...........#..#..
###'##......# #..###


You could see a centaur.

Vanquished Creatures
  2 ogres
  A phantom (D:5)
  A scorpion (D:5)
  An orc wizard (D:5)
  A gnoll (D:1)
  2 adders
  An ufetubus (D:5)
  2 worms (D:3)
  3 dart slugs
  19 orcs
  3 endoplasms
  5 giant cockroaches
  5 goblins
  10 hobgoblins
  3 jackals (D:1)
  6 quokkas
  9 ball pythons
  9 bats
  3 frilled lizards
  4 kobolds
  7 rats
97 creatures vanquished.

Vanquished Creatures (collateral kills)
  An ice beast (D:5)
  A dart slug (D:1)
  A frilled lizard (D:1)
  A rat (D:1)
4 creatures vanquished.

Vanquished Creatures (others)
  4 orc zombies (D:5)
4 creatures vanquished.

Grand Total: 105 creatures vanquished

Notes
Turn   | Place    | Note
-------+----------+-------------------------------------------
     0 | D:1      | holysushi the Djinni Necromancer began the quest for the
                  | Orb.
     0 | D:1      | holysushi set off with the following spells memorised:
                  | Necrotise, Vampiric Draining, Animate Dead, Agony.
     0 | D:1      | Reached XP level 1. HP: 15/15 MP: 0/0
    76 | D:1      | Reached XP level 2. HP: 9/22 MP: 0/0
   174 | D:1      | Found Hixasiny's Antique Armour Shop.
   194 | D:1      | Reached skill level 1 in Fighting
   210 | D:1      | Reached XP level 3. HP: 17/27 MP: 0/0
   210 | D:1      | Learned a level 1 spell: Sandblast
   795 | D:1      | Reached skill level 3 in Dodging
   888 | D:2      | Reached XP level 4. HP: 25/33 MP: 0/0
  1751 | D:3      | You are sucked into a shaft and drop 1 floor!
  1915 | D:3      | Reached XP level 5. HP: 36/38 MP: 0/0
  1915 | D:3      | Learned a level 2 spell: Momentum Strike
  2170 | D:3      | Found a runed translucent gate.
  2170 | D:3      | Found a runed translucent gate.
  2170 | D:3      | Found a runed translucent gate.
  2175 | D:3      | Noticed rapeowns's ghost (amateur DrFE)
  2704 | D:4      | Noticed an ogre
  2709 | D:4      | Killed an ogre
  2710 | D:4      | Reached skill level 4 in Dodging
  2710 | D:4      | Reached XP level 6. HP: 40/43 MP: 0/0
  3255 | D:5      | Entered Level 5 of the Dungeon
  3255 | D:5      | Noticed an ogre
  3260 | D:5      | Killed an ogre
  3261 | D:5      | Reached skill level 5 in Dodging
  3438 | D:5      | Reached XP level 7. HP: 28/49 MP: 0/0
  3438 | D:5      | Learned a level 2 spell: Call Imp
  3548 | D:5      | Slain by a centaur

Illustrated notes

Levels and vault maps discovered:
D:1:      lemuel_arrival_muddy, layout_loops_cross, serial_shops,
          nicolae_shop_window_shopping, dreamdust_wishing_well, st_stairs_11,
          minmay_stone_trees_medium
D:2:      layout_basic, serial_curves, eino_curves_03, eino_curves_03,
          eino_curves_03, eino_curves_02
D:3:      layout_basic, gammafunk_ghost_necromancy
D:4:      layout_basic
D:5:      layout_basic, mainiacjoe_overflow_boulevard, lemuel_round_altar,
          gup_sewer_entry_glass, minmay_a_box_with_orc_wizards_in_it

Skill      XL: |  1  2  3  4  5  6  7 |
---------------+----------------------+-----
Fighting       | 1 2 3 |  3.0
Dodging        | 3 4 5 |  5.8
Spellcasting   | 4 |  4.9
Conjurations   | 4 |  4.9
Hexes          | 4 |  4.9
Summonings     | 4 |  4.9
Necromancy     | 4 |  4.9
Translocations | 4 |  4.9
Transmutations | 4 |  4.9
Fire Magic     | 4 |  4.9
Ice Magic      | 4 |  4.9
Air Magic      | 4 |  4.9
Earth Magic    | 4 |  4.9
Poison Magic   | 4 |  4.9
Stealth        | |  1.5

Action                     |  1- 3 |  4- 6 |  7- 9 || total
---------------------------+-------+-------+-------++-------
  Melee: Short sword       |       |    20 |     1 ||    21
   Cast: Necrotise         |    25 |       |       ||    25
         Sandblast         |    26 |    85 |     1 ||   112
         Vampiric Draining |       |    11 |     8 ||    19
         Animate Dead      |       |     1 |       ||     1
         Call Imp          |       |       |     2 ||     2
    Use: Scroll            |       |     9 |     1 ||    10
 Armour: Robe              |     3 |     7 |       ||    10
  Dodge: Dodged            |    17 |    41 |     6 ||    64

Table legend: (Time is in decaauts)
 A = Elapsed time spent in this place.
 B = Non-inter-level travel time spent in this place.
 C = Inter-level travel time spent in this place.
 D = Time resting spent in this place.
 E = Time spent auto-exploring this place.
 F = Levels seen in this place.
 G = Mean time per level.
                   A        B        C        D        E       F      G
               +--------+--------+--------+--------+--------+-----+--------+
         Total |   3603 |   3465 |    138 |    135 |   2327 |   5 |  720.6 |
       Dungeon |   3603 |   3465 |    138 |    135 |   2327 |   5 |  720.6 |
               +--------+--------+--------+--------+--------+-----+--------+

Top non-repeatable levels by time:
     D:2: 866 daAuts
     D:1: 846 daAuts
     D:3: 841 daAuts
     D:4: 769 daAuts
     D:5: 279 daAuts
